AoeStats
← Shiro

Arena

503815300Analyzed
1v1 RM · 29d ago on Sep 2, 2026· 48m 19s· 2 players
Game mode
Random Map
Map size
Tiny (2 player)
Population
200
Speed
Normal
Resources
Standard
Victory
Conquest
Starting age
Dark Age
Ending age
Imperial Age
RankedLock teamsTeams togetherTeam positionsShared explorationLock speedFull tech treeHidden civsTurbo modeCheats
Victory
Defeat
🇪🇸 Maya · Spain
789
+16
🇮🇳 Japanese · India
785
-16
Shiro
9:18 Loom
11:24 Feudal Age
12:57 Double-Bit Axe
16:31 Wheelbarrow
19:14 Castle Age
18:17 Man-at-Arms
19:32 Horse Collar
26:36 Fletching
27:50 Bow Saw
28:43 Elite Skirmisher
30:13 Heavy Plow
30:49 Bodkin Arrow
30:54 Padded Archer Armor
31:06 Forging
30:49 Town Watch
33:41 Iron Casting
33:07 Scale Mail Armor
34:24 Murder Holes
35:19 Hand Cart
35:04 Town Patrol
36:09 Thumb Ring
36:34 Gold Mining
41:01 Imperial Age
42:56 Chemistry
42:46 Bracer
43:02 Leather Archer Armor
43:03 Chain Mail Armor
45:05 Blast Furnace
44:15 Elite Samurai
45:41 Ballistics
47:16 Two-Man Saw
46:51 Ring Archer Armor
^1Kiko^8Gitano
11:44 Feudal Age
16:52 Castle Age
16:42 Wheelbarrow
15:57 Double-Bit Axe
15:53 Horse Collar
18:15 Fletching
18:42 Crossbowman
23:04 Bodkin Arrow
25:08 Padded Archer Armor
25:32 Heavy Plow
25:27 Loom
28:46 Leather Archer Armor
28:52 Thumb Ring
34:42 Imperial Age
32:36 Hand Cart
32:51 Ballistics
32:42 Masonry
34:31 Hul'che Javelineers
34:46 Eagle Warrior
36:52 Chemistry
35:48 Murder Holes
36:24 Architecture
35:23 Elite Skirmisher
38:48 Holcans
38:17 Elite Plumed Archer
38:48 Treadmill Crane
39:11 Bracer
39:24 Forging
39:14 Scale Mail Armor
42:30 Elite Eagle Warrior
43:10 Squires
44:35 Bow Saw
44:53 Fortified Wall
44:41 Gold Mining
44:44 Stone Mining
46:59 Arbalester
48:16 Arson
Connection lost

Rejoining the realm…

Still unreachable

The connection could not be restored.

Session expired

The server has moved on; the page needs a fresh start.